 Dungeon Crawl Stone Soup version 0.20-a0-642-g4ff03ff (webtiles) character file.

114 slumpy the Shield-Bearer (level 5, -5/42 HPs)
             Began as a Formicid Fighter on Feb 14, 2017.
             Killed by divine providence
             ... invoked by an orc priest
              (11 damage)
             ... on level 4 of the Dungeon.
             The game lasted 00:05:15 (1855 turns).

slumpy the Shield-Bearer (Formicid Fighter)         Turns: 1855, Time: 00:05:17

Health: -5/42      AC: 12    Str: 20    XL:     5   Next: 18%
Magic:  5/5        EV:  4    Int:  8    God:
Gold:   132        SH:  9    Dex: 11    Spells: 4/4 levels left

rFire    . . .     SeeInvis +   a - +0 war axe
rCold    . . .     Gourm    .   n - +0 plate armour
rNeg     . . .     Faith    .   c - +0 shield
rPois    .         Spirit   .   (helmet unavailable)
rElec    .         Reflect  .   (no cloak)
rCorr    .         Harm     .   j - +0 pair of gloves
MR       .....                  (no boots)
Stlth    ..........             (no amulet)
Regen    0.2/turn               (no ring)
MPRegen  0.1/turn               (no ring)

@: no status effects
A: permanent stasis, dig shafts and tunnels, four strong arms, antennae 3
a: Dig, Shaft Self


You were on level 4 of the Dungeon.
You were not hungry.

You visited 1 branch of the dungeon, and saw 4 of its levels.

You collected 132 gold pieces.

Inventory:

Hand Weapons
 a - a +0 war axe (weapon)
Missiles
 r - 7 javelins (quivered)
Armour
 b - a +0 scale mail
 c - a +0 shield (worn)
 j - a +0 pair of gloves (worn)
 n - a +0 plate armour (worn)
Scrolls
 e - 2 scrolls of remove curse {unknown}
 h - a scroll of identify {unknown}
 k - a scroll of recharging {unknown}
 m - a scroll of blinking {unknown}
 o - a scroll of noise {unknown}
 q - 2 scrolls of enchant armour {unknown}
Potions
 d - a potion of might
 g - 2 potions of flight {unknown}
 i - a potion of experience {unknown}
 p - a potion of degeneration {unknown}
 s - 2 potions of heal wounds {unknown}
 u - a potion of resistance {unknown}
 v - a potion of curing {unknown}
Comestibles
 f - 6 bread rations
 l - 3 royal jellies
 t - 5 chunks of flesh
 w - 3 fruits


   Skills:
 * Level 4.1 Fighting
 + Level 3.5 Axes
 + Level 3.8 Armour
 + Level 0.5 Dodging
 + Level 4.1 Shields


You had 4 spell levels left.
You didn't know any spells.

Dungeon Overview and Level Annotations

Branches:
Dungeon (4/15)             Temple (0/1) D:4

Altars:
Elyvilon
Ru
Uskayaw
The Shining One


Innate Abilities, Weirdness & Mutations

You cannot be hasted, slowed, berserked, paralysed or teleported.
You can dig through walls and to a lower floor.
Your four strong arms can wield two-handed weapons with a shield.
You have a pair of large antennae on your head. (SInv)


Message History

The orc priest hits you but does no damage.
The orc hits you with a whip.
* * * LOW HITPOINT WARNING * * *
The orc wizard casts a spell.
The orc wizard blinks!
You slash the orc priest!
The orc priest is almost dead.
You closely miss the orc. The orc hits you but does no damage.
The orc priest looks encouraged for a moment.
The orc wizard points at you and mumbles some strange words.
You resist with some effort.
Unknown command.
You closely miss the orc priest.
The orc priest is almost dead.
You closely miss the orc wizard. You hit the orc.
You kill the orc!
You block the orc wizard's attack.
The orc priest mumbles some strange prayers to Beogh against you.
Beogh smites you!
You die...

,,,,,,,,,,,*,..........<.......,,
,,,,,,,,,......................,,
,,,,,,,,,......................,,
,,,,,,,*,.......[..............,,
,,,,,,,**......................,,
,,,,,,,**#.....................,,
,,,,,,** *#.......o............,,
**,,,,* #.............#......,,
**,,** #....o@....###.......,,
**** ###..o)..###*,.......,,
##..#### *,.......,, #.##*
*,.......,, *#.****** *,,....,,,,
**.{,,,,,** *,,,,,,,,,,
*.,,,,,,,,****,,,,,,,,,
#.,,,,,,,,,* *,,,,,,,,,
**,,,,,,,,,,****,,,,,,,,


You could see an orc priest and 2 orc wizards.

Vanquished Creatures
  4 adders
  A worm (D:2)
  2 dart slugs (D:2)
  3 leopard geckos
  5 orcs
  A ball python (D:1)
  8 bats
  2 giant cockroaches
  6 goblins
  10 hobgoblins
  6 jackals
  A quokka (D:2)
  2 frilled lizards
  5 kobolds
  3 rats
59 creatures vanquished.

Notes
Turn   | Place    | Note
-------+----------+-------------------------------------------
     0 | D:1      | slumpy the Formicid Fighter began the quest for the Orb.
     0 | D:1      | Reached XP level 1. HP: 18/18 MP: 1/1
   115 | D:1      | Reached XP level 2. HP: 21/24 MP: 2/2
   414 | D:1      | Reached XP level 3. HP: 30/30 MP: 3/3
   697 | D:2      | Reached XP level 4. HP: 33/37 MP: 4/4
   918 | D:2      | Found a sacrificial altar of Ru.
  1328 | D:3      | Found a hide-covered altar of Uskayaw.
  1400 | D:3      | Found a white marble altar of Elyvilon.
  1756 | D:3      | Reached XP level 5. HP: 42/42 MP: 5/5
  1776 | D:3      | Found a glowing golden altar of the Shining One.
  1855 | D:4      | Killed from afar by an orc priest

Vault maps used:
D:1:      lightli_arrival_farm, minmay_pentomino_o4
D:2:      nicolae_ru_path_of_blood
D:3:      marbit_many_paths, old_standard_altar, eat_drink_and_be_merry_uskayaw
D:4:      minmay_temple_entry_metal_lava, first_bread, lightli_sewer_entry_pipes

Skill      XL: |  1  2  3  4 |
---------------+-------------+-----
Shields        | 4 |  4.1
Axes           | 3 |  3.5
Fighting       | 4 |  4.1
Armour         | |  3.8
Dodging        | |  0.5

Action                   |  1- 3 |  4- 6 || total
-------------------------+-------+-------++-------
Melee: War axe           |    88 |   157 ||   245
  Use: Scroll            |       |     2 ||     2
  Eat: Chunk             |       |     4 ||     4
Armor: Scale mail        |    43 |       ||    43
       Plate armour      |     9 |   117 ||   126
Dodge: Dodged            |    30 |    28 ||    58
Block: Shield            |    52 |    78 ||   130
